 Dungeon Crawl Stone Soup version 0.25.1-8-g42b30a86e7 (webtiles) character file.

Game seed: 13397945917639312903

2544 DildoBatman the Conjurer (level 9, -2/65 HPs)
             Began as a Formicid Wizard on Dec 6, 2020.
             Was a Believer of Kikubaaqudgha.
             Hit by a boomerang thrown by an orc warrior (6 damage)
             ... on level 5 of the Dungeon.
             The game lasted 00:22:16 (6628 turns).

DildoBatman the Conjurer (Formicid Wizard)          Turns: 6628, Time: 00:22:17

Health: -2/65      AC:  9    Str: 11    XL:     9   Next: 85%
Magic:  7/15       EV: 12    Int: 22    God:    Kikubaaqudgha [**....]
Gold:   268        SH:  0    Dex:  9    Spells: 4/16 levels left

rFire    + . .     SeeInvis +   a - +2 flail (venom)
rCold    . . .     Gourm    .   (no shield)
rNeg     . . .     Faith    .   u - +1 robe {rC+}
rPois    .         Spirit   .   (helmet unavailable)
rElec    .         Reflect  .   e - +0 cloak
rCorr    .         Harm     .   k - +0 pair of gloves
MR       .....                  (no boots)
Stlth    ++........             m - amulet of magic regeneration
HPRegen  0.20/turn              t - ring of fire
MPRegen  0.39/turn              I - +4 ring of protection

@: no status effects
A: permanent stasis, dig shafts and tunnels, four strong arms, antennae 3
a: Dig, Shaft Self, Receive Corpses, Renounce Religion


You were on level 5 of the Dungeon.
You worshipped Kikubaaqudgha.
Kikubaaqudgha was pleased with you.
You were hungry.

You visited 2 branches of the dungeon, and saw 7 of its levels.

You collected 329 gold pieces.
You spent 61 gold pieces at shops.

Inventory:

Hand Weapons
 a - a +2 flail of venom (weapon)
 b - a +0 hunting sling
 d - a +2 dagger of protection
Missiles
 c - 107 arrows
 j - 124 stones
 l - 11 sling bullets
 n - 35 poisoned darts
 w - 11 bolts
 x - 7 javelins (quivered)
 C - 2 boomerangs
Armour
 e - a +0 cloak (worn)
 k - a +0 pair of gloves (worn)
 u - a +1 robe of cold resistance (worn)
Magical Staves
 K - an uncursed staff of earth
Jewellery
 m - an amulet of magic regeneration (around neck)
 t - a ring of fire (left hand)
 I - a +4 ring of protection (right hand)
Wands
 E - a wand of paralysis (5)
Scrolls
 i - a scroll of remove curse {unknown}
 p - 2 scrolls of amnesia {unknown}
 s - a scroll of random uselessness {unknown}
 y - a scroll of blinking {unknown}
 z - a scroll of noise {unknown}
 D - 5 scrolls of teleportation {unknown}
 G - 7 scrolls of identify {unknown}
Potions
 f - 2 potions of might {unknown}
 g - 6 potions of degeneration {unknown}
 h - 3 potions of curing {unknown}
 o - a potion of ambrosia {unknown}
 q - 2 potions of lignification {unknown}
 r - a potion of stabbing {unknown}
 A - a potion of brilliance {unknown}
 F - 2 potions of mutation {unknown}
 H - a potion of heal wounds {unknown}
 J - a potion of invisibility {unknown}
Comestibles
 v - 12 rations
 B - 3 chunks of flesh


   Skills:
 * Level 3.9 Fighting
 * Level 4.0 Armour
 * Level 3.0 Dodging
 - Level 2.4 Stealth
 * Level 4.3 Spellcasting
 - Level 6.0 Conjurations
   Level 1.0 Summonings
 * Level 2.5 Necromancy
   Level 0.8 Translocations
 - Level 5.0 Fire Magic
 - Level 4.0 Air Magic
 - Level 4.0 Poison Magic


You had 4 spell levels left.
You knew the following spells:

 Your Spells              Type           Power        Failure   Level  Hunger
a - Conjure Flame         Conj/Fire      #####...     3%          3    ##.....
c - Magic Dart            Conj           ####         1%          1    None
d - Vampiric Draining     Necr           ###.......   12%         3    ##.....
e - Mephitic Cloud        Conj/Pois/Air  ####....     4%          3    ##.....
z - Sublimation of Blood  Necr           ###.......   6%          2    #......

Your spell library contained the following spells:

 Spells                   Type           Power        Failure   Level  Hunger
 Pain                     Necr           ###.         3%          1    None
 Corpse Rot               Necr/Air       N/A          4%          2    #......
 Call Imp                 Summ           #.......     11%         2    #......
 Slow                     Hex            #.......     16%         2    #......
 Blink                    Tloc           Unusable     N/A         2    N/A

Dungeon Overview and Level Annotations

Branches:
Dungeon (6/15)             Temple (1/1) D:5

Altars:
Ashenzari
Cheibriados
Dithmenos
Elyvilon
Fedhas
Gozag
Hepliaklqana
Kikubaaqudgha
Makhleb
Nemelex Xobeh
Okawaru
Qazlal
Ru
Sif Muna
Trog
Uskayaw
Vehumet
Wu Jian
Xom
Yredelemnul
The Shining One

Shops:
D:5 *


Innate Abilities, Weirdness & Mutations

You cannot be hasted, slowed, berserked, paralysed or teleported.
You can dig through walls and to a lower floor.
Your four strong arms can wield two-handed weapons with a shield.
You have a pair of large antennae on your head. (SInv)


Message History

The boomerang hits you but does no damage.
The weapon returns to the orc!
Your magical contamination has completely faded away.
There is an escape hatch in the ceiling here.
You see here a stone.
The crimson imp blinks!
The orc wizard hits the orc with a +0 dagger.
The orc throws a boomerang.
The boomerang misses you.
The weapon returns to the orc!
The orc warrior closely misses you. A mysterious force pulls you upwards.
The hatch slams shut behind you.
The orc warrior throws a boomerang.
The boomerang hits you!
The weapon returns to the orc warrior!
The orc warrior throws a boomerang.
The boomerang hits you.
You die...
Kikubaaqudgha rasps: "You have failed me!
Welcome... death!"

....#
#.........#...............)
.##.#
#.....##...................
.##.#
#.....##..##.#.#######...##
.##.##########.......#
#.)...## .##.......# ##.##.#.#
###...## #.#.#####.# #......#
#..... ##..#####.########.###
#...## ##....##.##...###.#
#####.....
##........##....@..#
#.......##
#.#.......##.##.####
#.####..## .###........##...##
#.####.... ##
#.....####.....######.##....P.
#.....# #o......##......PP....
####### #..._...##.##.##..>P..
#.......##.##....P.P..
##.....###.#####PP..P#
##...####.#######.###


You could see an orc warrior.

Vanquished Creatures
  Eustachio (D:5)
  Edmund (D:6)
  Duvessa (D:3)
  2 orc warriors
  A sky beast (D:5)
  2 necrophages
  An ice beast (D:6)
  2 ogres (D:4)
  A centaur (D:5)
  2 bullfrogs (D:6)
  Dowan (D:3)
  2 scorpions
  A howler monkey (D:5)
  A centaur zombie (D:6)
  3 bullfrog zombies
  2 hounds (D:5)
  5 orc priests
  12 orc wizards
  2 bullfrog skeletons
  An iguana (D:6)
  Ijyb (D:5)
  2 worker ants (D:5)
  A killer bee zombie (D:6)
  2 worker ant zombies
  Robin (D:1)
  A howler monkey skeleton (D:4)
  A gnoll (D:6)
  5 adders
  An ooze (D:1)
  An adder skeleton (D:4)
  3 worms
  3 dart slugs
  4 leopard geckos
  28 orcs
  5 bats (D:1)
  2 giant cockroaches (D:4)
  21 goblins
  11 hobgoblins
  7 jackals
  15 kobolds
  5 quokkas
  8 frilled lizards
  5 rats
177 creatures vanquished.

Notes
Turn   | Place    | Note
-------+----------+-------------------------------------------
     0 | D:1      | DildoBatman the Formicid Wizard began the quest for the
                  | Orb.
     0 | D:1      | Reached XP level 1. HP: 13/13 MP: 4/4
    61 | D:1      | Reached skill level 1 in Conjurations
    92 | D:1      | Reached XP level 2. HP: 14/19 MP: 3/6
   156 | D:1      | Reached skill level 2 in Conjurations
   421 | D:1      | Reached XP level 3. HP: 24/24 MP: 5/7
   932 | D:2      | Reached skill level 3 in Conjurations
  1211 | D:2      | Found a sacrificial altar of Ru.
  1226 | D:2      | Reached XP level 4. HP: 30/30 MP: 5/8
  1236 | D:2      | Learned a level 3 spell: Conjure Flame
  1240 | D:2      | Learned a level 3 spell: Mephitic Cloud
  1569 | D:2      | Noticed Robin
  2184 | D:3      | Reached skill level 4 in Conjurations
  2184 | D:3      | Reached XP level 5. HP: 35/35 MP: 3/9
  2315 | D:3      | Found a shimmering altar of Xom.
  2349 | D:3      | Found a snail-covered altar of Cheibriados.
  2370 | D:3      | Found a stormy altar of Qazlal.
  2660 | D:4      | Noticed an orc warrior
  3041 | D:4      | Reached skill level 1 in Fire Magic
  3041 | D:4      | Reached skill level 1 in Poison Magic
  3041 | D:4      | Reached XP level 6. HP: 31/41 MP: 10/10
  3146 | D:4      | Reached skill level 1 in Air Magic
  3169 | D:4      | Noticed Duvessa
  3171 | D:4      | Noticed Dowan
  3268 | D:4      | Reached XP level 7. HP: 38/46 MP: 7/11
  3723 | D:4      | Reached skill level 5 in Conjurations
  4375 | D:5      | Entered Level 5 of the Dungeon
  4375 | D:5      | Noticed Ijyb
  4441 | D:5      | Found a staircase to the Ecumenical Temple.
  4450 | Temple   | Entered the Ecumenical Temple
  4625 | Temple   | Became a worshipper of Kikubaaqudgha
  4687 | D:5      | Reached XP level 8. HP: 44/52 MP: 12/12
  4781 | D:3      | Killed Duvessa
  4784 | D:3      | Killed Dowan
  4896 | D:1      | Killed Robin
  5010 | D:5      | Found Norchix's Assorted Antiques.
  5018 | D:5      | Bought a puce potion for 20 gold pieces
  5018 | D:5      | Bought 2 smoky puce potions for 41 gold pieces
  5052 | D:5      | Killed Ijyb
  5140 | D:5      | Reached skill level 6 in Conjurations
  5262 | D:5      | Noticed Eustachio
  5288 | D:5      | Killed Eustachio
  5288 | D:5      | Reached skill level 5 in Fire Magic
  5288 | D:5      | Reached XP level 9. HP: 34/58 MP: 5/13
  5304 | D:5      | Reached skill level 1 in Fighting
  5304 | D:5      | Reached skill level 1 in Armour
  5525 | D:5      | Reached * piety under Kikubaaqudgha
  5525 | D:5      | Identified Kikubaaqudgha's Reference Book on Sinister Magic
                  | (Kikubaaqudgha gifted it to you on level 5 of the Dungeon)
  5525 | D:5      | Received a gift from Kikubaaqudgha
  5554 | D:5      | Learned a level 2 spell: Sublimation of Blood
  5558 | D:5      | Learned a level 3 spell: Vampiric Draining
  5706 | D:5      | Found an opulent altar of Gozag.
  5948 | D:6      | Noticed Edmund
  5995 | D:6      | Killed Edmund
  5995 | D:6      | Reached skill level 1 in Necromancy
  6184 | D:6      | Found a white marble altar of Elyvilon.
  6339 | D:6      | Reached ** piety under Kikubaaqudgha
  6628 | D:5      | Hit by a boomerang thrown by an orc warrior

Illustrated notes

Levels and vault maps discovered:
D:1:      onia_arrival_mini_spirals, layout_basic
D:2:      layout_loops_cross, nicolae_ru_awakened_eye, uniq_robin
D:3:      layout_loops_ring, lemuel_doored_altar, lemuel_crystal_altar,
          kennysheep_slug_shrine, first_ration, st_stairs_14,
          grunt_decor_one_mirror, minivault_25
D:4:      layout_loops_cross, serial_rivers, chequers_serial_rivers_micro_a,
          chequers_serial_rivers_marsh, chequers_serial_rivers_marsh,
          chequers_serial_rivers_marsh, chequers_serial_rivers_small_b,
          uniq_duvessa
D:5:      layout_loops_cross, lemuel_round_altar, minmay_temple_entry_overgrown,
          serial_shops, shop, serial_bayou_pond_e, uniq_ijyb, uniq_eustachio
D:6:      corexii_shantytown, layout_rooms, lemuel_round_altar, minmay_holes,
          uniq_edmund
Temple:   regret_index_temple_sphere_string

Skill      XL: |  1  2  3  4  5  6  7  8  9 |
---------------+----------------------------+-----
Conjurations   | 1 2 3 4 5 6 |  6.0
Fire Magic     | 1 2 3 5 |  5.0
Poison Magic   | 1 2 4 |  4.0
Air Magic      | 1 2 4 |  4.0
Fighting       | 3 |  3.9
Armour         | 4 |  4.0
Dodging        | 3 |  3.0
Necromancy     | 2 |  2.5
Spellcasting   | 4 |  4.3
Stealth        | |  2.4
Summonings     | |  1.0
Translocations | |  0.8

Action                   |  1- 3 |  4- 6 |  7- 9 || total
-------------------------+-------+-------+-------++-------
Melee: Unarmed           |    11 |       |       ||    11
       Short sword       |     9 |     6 |       ||    15
       Flail             |       |       |    50 ||    50
 Fire: Hunting sling     |       |    76 |   151 ||   227
Throw: Dart              |       |     9 |       ||     9
 Cast: Magic Dart        |    75 |    88 |   115 ||   278
       Mephitic Cloud    |       |     8 |    52 ||    60
       Conjure Flame     |       |     4 |    28 ||    32
       Vampiric Draining |       |       |     2 ||     2
 Abil: Dig               |     2 |     1 |    22 ||    25
 Stab: Sleeping          |     1 |       |       ||     1
       Confused          |       |       |     7 ||     7
  Eat: Chunk             |     1 |     4 |    12 ||    17
       Ration            |       |     1 |     2 ||     3
Armor: Robe              |    10 |    19 |    40 ||    69
Dodge: Dodged            |    28 |    41 |   121 ||   190
